[Event "CZE-ch U16 Open 2023"]
[Site "Teplice"]
[Date "2023.03.17"]
[Round "8.6"]
[White "Tillmann, Stanislav"]
[Black "Hladky, Tadeas"]
[Result "1/2-1/2"]
[ECO "A01"]
[WhiteElo "1907"]
[BlackElo "1973"]
[Annotator "TA"]
[PlyCount "61"]
[EventDate "2023.03.09"]
[EventType "swiss"]
[EventCountry "CZE"]
[SourceTitle "playchess.com"]
[Source "ChessBase"]
[SourceQuality "1"]
[TimeControl "40/5400+30:1800+30"]

1. b3 d5 2. Bb2 Nf6 3. e3 Bf5 4. Nf3 e6 5. Be2 Bd6 6. O-O O-O 7. c4 c6 8. d4 h6 9. Nbd2 a5 {[%emt 0:00:22] D12: Slav Defence: 3 Nf3 Nf6 4 e3 Bf5.} 10. a3 Nbd7 11. Ne5 Qc7 12. f4 Ne4 {[%emt 0:02:33] [#]} 13. Rc1 $146 ({Predecessor:} 13. Nd3 Nxd2 14. Qxd2 Nf6 15. c5 Be7 16. Bf3 Be4 17. Bc3 b5 18. Ne5 Ne8 19. Bxe4 dxe4 {1-0 Kireev,S-Klitchev,M Moscow-ch op 1995 (9)}) 13... Nxe5 (13... Ndf6 $11 {remains equal.}) 14. fxe5 $16 {[%emt 0:02:00] [#] aiming for cxd5.} Be7 15. cxd5 {[%emt 0:00:30] Hoping for Nxe4.} Bg5 16. Nxe4 Bxe4 17. Rc3 (17. d6 $1 $14 Bxe3+ 18. Kh1) 17... exd5 $11 18. Bc1 (18. Bf3 $11) 18... f6 $17 19. exf6 Rxf6 20. Rxf6 Bxf6 ({Much worse is} 20... gxf6 $6 21. Bd3 $15) 21. Bd3 Bxd3 22. Qxd3 Qd6 23. Qg6 Rf8 24. Rd3 Qe7 25. Rd1 $1 Bg5 26. Re1 Bh4 27. g3 Bg5 28. Qd3 Qf6 {[%emt 0:08:40] [#] ( -> ...Qf2+)} 29. Rf1 {[%emt 0:01:21] Against Qf2+} Qxf1+ (29... Qe6 $15) 30. Qxf1 $11 Rxf1+ 31. Kxf1 {[%emt 0:00:05] Weighted Error Value: White=0.20 (precise) /Black=0.18 (very precise)} 1/2-1/2

[Event "CZE-ch U16 Open 2023"]
[Site "Teplice"]
[Date "2023.03.17"]
[Round "8.7"]
[White "Pelc, Adam"]
[Black "Slaby, Matej"]
[Result "1/2-1/2"]
[ECO "B10"]
[WhiteElo "1871"]
[BlackElo "1932"]
[Annotator "TA"]
[PlyCount "54"]
[EventDate "2023.03.09"]
[EventType "swiss"]
[EventCountry "CZE"]
[SourceTitle "playchess.com"]
[Source "ChessBase"]
[SourceQuality "1"]
[TimeControl "40/5400+30:1800+30"]

1. e4 c6 2. e5 d5 3. exd6 exd6 4. Nf3 d5 5. d4 Bg4 6. Be2 {[%emt 0:00:48] B10: Caro-Kann: 2 d3 and 2 c4.} Nf6 {[%emt 0:02:12] The position is equal.} 7. Bg5 {[%emt 0:02:04] [#]} Be7 $146 ({Predecessor:} 7... Nbd7 8. Nbd2 Qc7 9. h3 Bh5 10. O-O Bd6 11. Re1 O-O 12. b3 Rfe8 13. c4 h6 {0-1 Hof,A-Tischer,U KO-21206 freechess.de 2018}) 8. Nbd2 Nbd7 9. O-O O-O 10. h3 Bh5 11. Re1 Re8 12. Ne5 Bxe2 13. Rxe2 Nxe5 14. Rxe5 Nd7 15. Bxe7 Rxe7 16. Rxe7 Qxe7 17. Qe1 Re8 18. Qxe7 Rxe7 $11 {[%emt 0:00:01][%mdl 4096] Endgame KRN-KRN} 19. Kf1 Kf8 20. Re1 h6 21. c3 Rxe1+ 22. Kxe1 {[%emt 0:00:19] KN-KN} Ke7 23. Ke2 Ke6 24. Ke3 Ke7 25. Ke2 Ke6 26. Ke3 Ke7 27. Ke2 Ke6 {[%emt 0:00:10] An uneventful encounter.   Weighted Error Value: White=0.04 (flawless) /Black=0.04 (flawless)} 1/2-1/2

[Event "CZE-ch U16 Open 2023"]
[Site "Teplice"]
[Date "2023.03.17"]
[Round "8.8"]
[White "Vilimek, Vit"]
[Black "Davidek, Zdenek"]
[Result "1-0"]
[ECO "B34"]
[WhiteElo "2018"]
[BlackElo "1957"]
[Annotator "TA"]
[PlyCount "65"]
[EventDate "2023.03.09"]
[EventType "swiss"]
[EventCountry "CZE"]
[SourceTitle "playchess.com"]
[Source "ChessBase"]
[SourceQuality "1"]
[TimeControl "40/5400+30:1800+30"]

1. e4 c5 2. Nf3 Nc6 3. d4 cxd4 4. Nxd4 Nf6 5. Nc3 e5 6. Nxc6 bxc6 7. Bd3 Bb4 8. O-O {[%emt 0:00:04] B33: Sicilian: Pelikan and Sveshnikov Variations.} O-O 9. f4 d6 {[%emt 0:00:32] [#]} 10. Kh1 $146 {[%emt 0:00:19] The position is equal.} ({Predecessor:} 10. f5 d5 11. Qf3 Bxc3 12. bxc3 dxe4 13. Bxe4 Nxe4 14. Qxe4 Qd5 15. Qg4 Qc5+ {1-0 Robles,A-Jones,C (1742) CAN/LC2016 ICCF email}) 10... Re8 11. Qf3 (11. fxe5 {keeps more tension.} Ng4 12. exd6 Nxh2 13. Rf4) 11... Qc7 12. Bd2 Rb8 13. a3 Ba5 14. b4 {[%emt 0:01:12] fxe5 is the strong threat.} Bb6 15. Na4 d5 {[%emt 0:39:56] Hoping for ...dxe4.} 16. Rae1 {[%emt 0:06:29] [#]} (16. fxe5 $11 dxe4 17. Bxe4 Nxe4 18. Qxe4) 16... dxe4 $1 $19 17. Bxe4 {[%emt 0:02:29] [#]} Nxe4 $2 (17... Ba6 $1 $19 {aiming for ...Rbd8.} 18. fxe5 Nxe4 19. Rxe4 Bxf1 20. Qxf1 c5) 18. Rxe4 $11 Bd4 {[%emt 0:02:40] Black is now going downhill.} (18... Bf5 $11 19. Rxe5 Bxc2 20. Nxb6 axb6) 19. fxe5 $16 Bxe5 20. Nc5 f6 21. Bf4 {[%emt 0:04:15] White is more active.} Be6 $2 {[%emt 0:01:25][%mdl 8192] Prevents Qb3} (21... Qd6 $16) 22. Bxe5 $18 fxe5 23. Na6 $1 Qc8 24. Nxb8 Qxb8 25. c4 {[%emt 0:01:13] Prevents Bd5.} a5 26. Qc3 {[%emt 0:00:34] White is clearly winning.} axb4 27. axb4 Rf8 28. Rfe1 Qa7 29. Rxe5 Qf2 {[%emt 0:00:06][%cal Of2f1] ( -> ...Qf1+!)} 30. h3 (30. Rxe6 $2 {gets mated.} Qf1+ 31. Rxf1 Rxf1#) 30... Bf7 31. b5 cxb5 32. cxb5 Rd8 33. Qc7 {[%emt 0:01:23] Weighted Error Value: White=0.31/Black=0.63} 1-0

[Event "CZE-ch U16 Open 2023"]
[Site "Teplice"]
[Date "2023.03.17"]
[Round "8.9"]
[White "Svoboda, Daniel"]
[Black "Kubin, Tomas Daniel"]
[Result "1-0"]
[ECO "B34"]
[WhiteElo "1748"]
[BlackElo "1936"]
[Annotator "TA"]
[PlyCount "51"]
[EventDate "2023.03.09"]
[EventType "swiss"]
[EventCountry "CZE"]
[SourceTitle "playchess.com"]
[Source "ChessBase"]
[SourceQuality "1"]
[TimeControl "40/5400+30:1800+30"]

1. e4 c5 2. Nf3 Nc6 3. d4 cxd4 4. Nxd4 Nf6 5. Nc3 e5 6. Nf5 d5 7. exd5 Bxf5 8. dxc6 bxc6 9. Qf3 Qd7 10. Bc4 Bd6 {[%emt 0:12:50] B33: Sicilian: Pelikan and Sveshnikov Variations.} 11. O-O O-O 12. Bg5 e4 {[%emt 0:07:36] The position is equal.} 13. Qe2 {[%emt 0:03:40] Strongly threatening Bxf6.} Rae8 {[%emt 0:02:16] [#]} (13... Nd5 {simplifies} 14. Bxd5 cxd5 15. Nxd5 Bxh2+ 16. Kxh2 Qxd5 17. Bf4 Qe6) 14. h3 $146 {[%emt 0:13:50] [#]} ({Better is} 14. Bxf6 $11 gxf6 15. Rad1) ({Predecessor:} 14. Bxf6 gxf6 15. Rad1 Qc7 16. Qh5 Bc8 17. Qh4 Bf4 18. Ne2 Be5 19. Ng3 f5 20. c3 {0-1 Lupu,S (2135)-Moal,A (2340) Val Thorens op 1994 (6)}) 14... Bxh3 15. Bxf6 $1 $11 {[%emt 0:12:54] Threatens to win with Bh4.} gxf6 (15... Bg4 $1 $11 16. Qe3 (16. f3 $2 exf3 17. Qd3 gxf6 $19) 16... gxf6) 16. Nxe4 $1 $16 (16. gxh3 Qxh3) 16... Rxe4 {[%emt 0:07:15] A mistake that costs the game.} 17. Qxe4 $18 Bf5 18. Qh4 Be5 (18... Kg7 $142 19. Rad1 Bxc2) 19. Rad1 Qb7 20. Bd3 Bg6 21. Bxg6 fxg6 22. Rd3 {[%emt 0:01:15] [#] Rfd1 is the strong threat.} Qxb2 $2 (22... h5 $18 23. Rfd1 Rf7) 23. Rd7 {[%emt 0:01:23][%csl Gd7,LRa7,LRh7][%cal Rh4h7] White mates.} h5 24. Qc4+ Kh8 25. Qc5 Re8 26. Qxa7 {[%emt 0:00:25] Weighted Error Value: White=0.14 (very precise) /Black=0.81} 1-0

[Event "CZE-ch U16 Open 2023"]
[Site "Teplice"]
[Date "2023.03.17"]
[Round "8.10"]
[White "Hozda, Max"]
[Black "Zezula, Jakub"]
[Result "1/2-1/2"]
[ECO "D11"]
[WhiteElo "2067"]
[BlackElo "1963"]
[Annotator "TA"]
[PlyCount "66"]
[EventDate "2023.03.09"]
[EventType "swiss"]
[EventCountry "CZE"]
[SourceTitle "playchess.com"]
[Source "ChessBase"]
[SourceQuality "1"]
[TimeControl "40/5400+30:1800+30"]

1. Nf3 d5 2. d4 Nf6 3. c4 c6 4. e3 Bg4 5. Nc3 e6 6. h3 Bh5 7. Be2 Nbd7 8. O-O Be7 9. b3 O-O 10. Bb2 Ne4 11. Nxe4 dxe4 {[%emt 0:00:01] A12: English Opening: 1...c6 with b3 by White.} 12. Ne5 Bxe2 13. Qxe2 {[%emt 0:00:04] [#]} f5 $146 ({Predecessor:} 13... Nxe5 14. dxe5 Qd3 15. Qg4 Rad8 16. Bd4 c5 17. Rfd1 Qc2 18. Rdc1 Qd3 {½-½ Laffont,J (1865)-Shapovalov,S (1732) RC-2018-0-00218 2017}) 14. Nxd7 Qxd7 15. Rad1 Rad8 16. a3 Bd6 17. f4 Be7 18. g4 fxg4 19. hxg4 Rf6 {[%emt 0:04:05] [#]} (19... Qe8 $11) 20. d5 $1 $16 Rh6 {[%emt 0:02:55][%cal Re6d5] [#]} (20... exd5 21. Bxf6) 21. d6 Bf6 (21... Bxd6 $2 22. c5 Qe7 23. cxd6 Rxd6 24. Rxd6 Qxd6 25. Rd1 $18) 22. c5 ({Don't play} 22. g5 Rg6 $11) 22... Rg6 (22... Bxb2 $16 {was worth a try.} 23. Qxb2 Rh3) 23. Rf2 $2 (23. Bxf6 $1 $18 gxf6 24. Kf2) 23... Bxb2 $11 24. Qxb2 {[%emt 0:00:08] Strongly threatening Rg2.} Rxg4+ 25. Kf1 Qf7 26. Qc2 (26. Qe5 $11 {keeps the balance.}) 26... Qh5 $17 {[%emt 0:07:18] ...Rh4 would be deadly.} 27. Qxe4 {[%emt 0:02:57] [#]} Rh4 $1 (27... Qxc5 $2 28. Qxe6+ Kh8 29. Qxg4 $18) 28. Qxe6+ Kh8 29. Rdd2 $2 {[%emt 0:03:17] [#]} (29. Rd4 $17 {was forced.}) 29... Rh1+ $2 (29... Qxc5 $2 30. Qe7 Rh1+ 31. Kg2 $18) ({Black should try} 29... Re8 $1 $19 30. Qxe8+ Qxe8) 30. Kg2 $11 {[%emt 0:00:02][%cal Bf1g2,Bg2g3,Bg3f3][%mdl 32] Black must now prevent d7. The position is equal.} Rh2+ 31. Kg3 Qh4+ (31... Rh1 $2 32. d7 $18) 32. Kf3 {[%emt 0:00:09] Some like it hot. Active counter play!} Qh5+ 33. Kg3 $1 ({Avoid the trap} 33. Ke4 $2 Re8 $19) 33... Qh4+ {[%emt 0:00:06] Weighted Error Value: White=0.36/Black=0.32} (33... Rh1 $2 34. d7 $18) 1/2-1/2

[Event "CZE-ch U16 Open 2023"]
[Site "Teplice"]
[Date "2023.03.17"]
[Round "8.11"]
[White "Sigut, Ondrej"]
[Black "Tesar, Jakub"]
[Result "1/2-1/2"]
[ECO "B51"]
[WhiteElo "1804"]
[BlackElo "1960"]
[Annotator "TA"]
[PlyCount "60"]
[EventDate "2023.03.09"]
[EventType "swiss"]
[EventCountry "CZE"]
[SourceTitle "playchess.com"]
[Source "ChessBase"]
[SourceQuality "1"]
[TimeControl "40/5400+30:1800+30"]

1. e4 c5 2. Nf3 d6 3. Bb5+ Nd7 4. d4 cxd4 5. Qxd4 a6 6. Bxd7+ Bxd7 7. O-O Nf6 8. Bg5 e6 $1 {[%emt 0:00:13] 8...e6 is better than 8...h6. B51: Sicilian: Moscow Variation (3 Bb5+) without 3...Bd7.} 9. e5 dxe5 10. Nxe5 Bb5 11. Qxd8+ Rxd8 12. c4 Bc6 {[%emt 0:29:04] [#]} (12... Bd6 $5 13. Nxf7 Kxf7 14. cxb5 axb5 $11) 13. Nxc6 $146 ({Predecessor:} 13. Nc3 Bb4 14. Nxc6 bxc6 15. Ne2 Bd2 16. Bxf6 gxf6 17. Rfd1 Ke7 18. Kf1 f5 19. Nc1 {½-½ Arnott,J (2063)-O'Gorman,T (2376) Hastings Masters op 2022 (3)}) 13... bxc6 14. Nc3 Be7 15. Rfd1 Rd7 16. Rxd7 Kxd7 17. Rd1+ Kc8 18. Kf1 Rd8 19. Rxd8+ Kxd8 $14 {[%emt 0:00:06][%mdl 4096] Endgame KBN-KBN} 20. h3 Kc7 21. Ke2 Kd6 22. Kd3 e5 (22... Kd7 $14) 23. b4 {[%emt 0:06:55] White is more active.} (23. Bxf6 $16 gxf6 24. g4) 23... Kc7 24. a3 a5 25. c5 axb4 26. axb4 Ng8 27. Bxe7 Nxe7 28. Kc4 f5 {[%emt 0:00:52] The position is equal.} 29. b5 cxb5+ 30. Nxb5+ Kc6 {[%emt 0:00:07] Weighted Error Value: White=0.10 (very precise) /Black=0.16 (very precise)} 1/2-1/2

[Event "CZE-ch U16 Open 2023"]
[Site "Teplice"]
[Date "2023.03.17"]
[Round "8.12"]
[White "Mohapl, Tomas"]
[Black "Mrazek, Adam"]
[Result "1-0"]
[ECO "B34"]
[WhiteElo "1946"]
[BlackElo "1745"]
[Annotator "TA"]
[PlyCount "93"]
[EventDate "2023.03.09"]
[EventType "swiss"]
[EventCountry "CZE"]
[SourceTitle "playchess.com"]
[Source "ChessBase"]
[SourceQuality "1"]
[TimeControl "40/5400+30:1800+30"]

1. e4 c5 2. Nf3 Nc6 3. d4 cxd4 4. Nxd4 Nf6 5. Nc3 e5 6. Ndb5 d6 7. Nd5 Nxd5 8. exd5 Nb8 9. Qf3 {9.a4 is a critical line.} a6 {B33: Sicilian: Pelikan and Sveshnikov Variations.} 10. Qa3 Be7 11. Bg5 {[%mdl 64] Deflection} f6 {The position is equal.} 12. Bd2 O-O 13. Bb4 Qd7 14. O-O-O (14. Bxd6 $2 {is the wrong capture.} axb5 15. Qxa8 Qxd6 $19) (14. Nxd6 a5 15. Bc5 b6 $17) 14... Rd8 15. Kb1 b6 $1 {And now ...Bb7 would win.} 16. Bd2 Qb7 17. Nc3 Bf5 {[#]} (17... Nd7 $11) 18. Be3 $146 ({Predecessor:} 18. Be2 b5 19. Qb4 Nd7 20. g4 Bg6 21. h4 Nb6 22. h5 Bf7 23. Qe4 Nxd5 24. Ka1 {0-1 Appeldorn,D-Kahl,F DESC SZ046 email 2005}) 18... Bg6 19. g4 Nd7 20. h4 Nc5 21. h5 Be8 22. Ne2 Rdc8 23. Ng3 Bd7 24. Nf5 Bf8 25. f4 {White has more active pieces.} b5 26. Bxc5 Rxc5 27. Bg2 ({White should play} 27. fxe5 $16 {h6 would be deadly.} dxe5 28. Qd3) 27... b4 28. Qe3 a5 $2 (28... Bxf5 $11 29. gxf5 Rc3) 29. Be4 (29. fxe5 $1 $16 {Threatens to win with e6.} fxe5 30. Be4) 29... Qc8 $2 (29... Re8 $1 $14) 30. Qd3 $2 (30. fxe5 $1 $18 fxe5 31. Rdf1) 30... Bb5 31. Qh3 (31. Qf3 $18) 31... Ba4 (31... exf4 $16 32. Nd4 Bd7) 32. Rd2 Rc4 ({Not} 32... exf4 33. Nd4 $16) 33. Qg2 Bd7 {[#]} 34. Ne3 (34. fxe5 $1 $18 fxe5 35. Rf2) 34... Rc5 $2 {[%mdl 8192] [#]} (34... Rc3 $16 35. Nd1 (35. bxc3 bxc3 36. Rd3 Qb8+ 37. Kc1 Qb2+ 38. Kd1 exf4 $16) 35... Rc5) 35. fxe5 $1 $18 fxe5 36. Bd3 {Black is weak on the light squares} (36. Rf2 $142) 36... a4 $2 (36... Bb5 37. Bxb5 Rxb5) 37. Qe4 b3 38. cxb3 (38. Qxh7+ $142 Kf7 39. Qg6+ Ke7 40. Qg5+ Kf7 41. Rf2+ Bf5 42. Nxf5 bxc2+ 43. Kc1) 38... axb3 39. a3 (39. Qxh7+ $142 Kf7 40. Rf2+ Ke7 41. a3) 39... g6 40. hxg6 {Intending g7 and mate.} h6 {[#]} (40... Ra4 $18) 41. g7 $1 Bxg7 (41... Kf7 42. g8=Q+) 42. Qh7+ Kf8 43. Rf2+ {[%cal Bd2f2,Bf2f8,Bf8e8][%mdl 96] Deflection} Ke7 44. Qxg7+ Kd8 45. Rf8+ (45. Rxh6 $2 Rc1#) 45... Be8 46. Bg6 Rxa3 47. Rxe8# {Magnificent play by Mohapl!   Weighted Error Value: White=0.38/Black=0.84} 1-0

[Event "CZE-ch U16 Open 2023"]
[Site "Teplice"]
[Date "2023.03.18"]
[Round "9.1"]
[White "Fizer, Marek"]
[Black "Vilimek, Vit"]
[Result "0-1"]
[ECO "C55"]
[WhiteElo "1929"]
[BlackElo "2018"]
[Annotator "TA"]
[PlyCount "118"]
[EventDate "2023.03.09"]
[EventType "swiss"]
[EventCountry "CZE"]
[SourceTitle "playchess.com"]
[Source "ChessBase"]
[SourceQuality "1"]
[TimeControl "40/5400+30:1800+30"]

1. e4 e5 2. Nf3 Nc6 3. Bc4 Nf6 4. d3 a6 5. a4 Bc5 6. c3 {[%emt 0:01:52] C55: Two Knights: 4 d3, 4 d4 exd4 5 e5 and Max Lange Attack.} Ba7 7. O-O d6 8. Nbd2 {[%emt 0:02:02] White is slightly better.} Be6 9. Bxe6 fxe6 10. Nc4 O-O 11. Re1 Qe8 12. Be3 {[%emt 0:10:46] [#]} b5 $146 ({Predecessor:} 12... Bxe3 13. Rxe3 b5 14. Ncd2 b4 15. d4 a5 16. h3 bxc3 17. bxc3 exd4 18. cxd4 Nb4 {½-½ Broadway,D (2292)-Voetter,H (2390) VW-Cup9 Gr23 email 2016}) 13. axb5 axb5 14. Ncd2 Bxe3 15. fxe3 Rxa1 16. Qxa1 Qd7 17. Qa2 h6 18. d4 d5 19. exd5 Qxd5 20. Qxd5 exd5 21. dxe5 Nd7 22. e4 dxe4 23. Rxe4 Re8 24. Nd4 Ncxe5 25. Nxb5 Rb8 26. Nxc7 {[%emt 0:03:57] [#] b4 would be deadly.} Rxb2 27. Rd4 Nc5 28. Nc4 Rb1+ 29. Kf2 Ned3+ 30. Ke3 Ne1 31. Rd2 {[%emt 0:02:18] Dodges Nc2+} Rc1 32. Nd5 Na4 33. Kd4 Nc2+ 34. Ke5 (34. Ke4 $1 $14) 34... Ne1 ({Black should try} 34... Nxc3 $1 $11 35. Nxc3 Nb4) 35. Ne7+ ({Better is} 35. Kf5 $1 $14 Kh7 36. Ke4) 35... Kh7 $1 $11 36. Rd7 {[%emt 0:00:30] And now Nf5 would win.} Rxc3 37. Nd6 {[%emt 0:00:32] Hoping for Nef5.} Nd3+ 38. Kd4 {[%emt 0:00:25] Threatens to win with Nef5.} Ndc5 39. Ra7 Rd3+ 40. Ke5 Nb6 41. Nef5 (41. Nec8 $15 Nbd7+ 42. Kf4) 41... Nbd7+ $17 42. Kf4 g6 43. Ne4 (43. h4 $17) 43... Ne6+ $19 44. Kg4 {[%emt 0:00:07] Black must now prevent Nf6+.} gxf5+ ({Not} 44... h5+ 45. Kh4 gxf5 46. Rxd7+ Rxd7 47. Nf6+ Kh6 48. Nxd7 $11) 45. Kxf5 Ng7+ 46. Kf4 Nb6 47. Ra6 Nd7 48. Ra7 $1 Nf8 49. Ke5 Kg6 {[%emt 0:01:46] Strongly threatening ...Nd7+.} 50. Ra6+ {[%emt 0:00:48] [#]} Nfe6 $1 51. Rb6 (51. h4 Re3) 51... Re3 {[%emt 0:01:03] aiming for ...Re2.} 52. h4 $2 {[%emt 0:03:22] Now White is beyond hope.} (52. g4 $17) 52... Kh5 53. Rb4 $2 (53. g3) 53... Nc5 {[%emt 0:00:21] ( -> ...Rxe4+)} (53... Kxh4 54. Kf6 $15) 54. Kf6 Rxe4 {[%emt 0:00:26] Black mates.} 55. Rxe4 Nxe4+ 56. Kxg7 Ng3 $1 (56... Kxh4 57. Kxh6 Ng5 58. Kg7 $11) 57. Kh7 Nf5 $1 ({Weaker is} 57... Kxh4 58. Kxh6 Nh5 59. Kh7 $11) 58. g4+ Kxg4 59. Kg6 h5 {[%emt 0:00:13] Weighted Error Value: White=0.41/Black=0.08 (flawless)} ({Stronger than} 59... Nxh4+ 60. Kxh6 $11) 0-1

[Event "CZE-ch U16 Open 2023"]
[Site "Teplice"]
[Date "2023.03.18"]
[Round "9.2"]
[White "Mametev, Artem"]
[Black "Paseka, Matyas"]
[Result "0-1"]
[ECO "B57"]
[WhiteElo "2074"]
[BlackElo "2082"]
[Annotator "TA"]
[PlyCount "60"]
[EventDate "2023.03.09"]
[EventType "swiss"]
[EventCountry "CZE"]
[SourceTitle "playchess.com"]
[Source "ChessBase"]
[SourceQuality "1"]
[TimeControl "40/5400+30:1800+30"]

1. e4 c5 2. Nf3 d6 3. d4 cxd4 4. Nxd4 Nf6 5. Nc3 Nc6 6. Bc4 Qb6 7. Nde2 e6 8. a3 {[%emt 0:02:07] B57: Classical Sicilian: Sozin with 6...Qb6.} a6 9. O-O Be7 10. Ba2 {[%emt 0:03:43] The position is equal.} Qc7 11. Kh1 b5 12. f4 {[%emt 0:18:18][%cal Bf2f4,Bf4f5][%mdl 32] [#]} h6 $146 (12... O-O $11) ({Predecessor:} 12... O-O 13. Ng3 Na5 14. f5 Nc4 15. Bxc4 Qxc4 16. Bg5 Ra7 17. Rf4 Qc5 18. Rf3 Rc7 {0-1 Saladen Dulce,R (2300)-Pupo,E (2340) Cali op-A 3rd 1999 (5)}) 13. f5 $14 e5 {[%emt 0:00:44] Dodges Nf4} ({Black should try} 13... Ne5 $14) 14. h3 (14. Ng3 $142) 14... Bb7 $16 15. Ng3 Rc8 {[%emt 0:07:04] [#]} (15... Na5 $142) 16. Nh5 $1 (16. Nd5 $6 Nxd5 17. Bxd5 Bf6 $14) 16... O-O (16... Nxh5 $16 17. Qxh5 Nd8) 17. Nd5 $18 {[%emt 0:08:22] Intending Nhxf6+ and mate.} Qd8 18. Nhxf6+ Bxf6 19. Qg4 Kh7 {[%emt 0:01:10] [#]} 20. Be3 $2 ({White has to play} 20. h4 $1 $18 {Hoping for Nxf6+.} Rh8 21. Qh5) 20... Nd4 $1 $11 21. Nxf6+ Qxf6 22. Bf2 {[%emt 0:00:20] aiming for c3.} (22. h4 $5 Rh8 23. Bxd4 exd4 24. Bb3 $17) 22... Rxc2 {[%emt 0:17:16] White must now prevent ...Qg5.} 23. Rac1 (23. Bh4 $11 h5 24. Qxh5+ Qh6 25. Qg4 (25. Qxh6+ Kxh6 26. Rae1 Rxb2 $17)) 23... Re2 {[%emt 0:07:13] Black is more active.} (23... Rxb2 $142 24. Bh4 h5 25. Qxh5+ Qh6 26. Qxh6+ Kxh6) 24. Bxd4 $4 (24. Bh4 $17 h5 25. Qxe2 (25. Qxh5+ Qh6 $17) 25... Nxe2 26. Bxf6 Nxc1 27. Rxc1 gxf6 28. Bb1) 24... Rxe4 $19 25. Rf4 Rxd4 (25... Rxf4 $2 {loses.} 26. Qxf4 exd4 27. Rc7 $19) 26. Rxd4 exd4 27. Rd1 Re8 28. Qxd4 {[%emt 0:01:04] [#]} (28. Bb1 $142) 28... Re1+ $3 {[%emt 0:00:09][%mdl 576] Deflection. Black is clearly winning.} 29. Kh2 Rxd1 {[%emt 0:00:09][%mdl 64] Deflection} 30. Qxd1 Qxb2 {[%emt 0:00:06] Artfully played by Paseka.   Weighted Error Value: White=0.66/Black=0.39} ({Stronger than} 30... Qxf5 31. Bb1 Be4 32. Bxe4 Qxe4 33. Qxd6 $17) 0-1

[Event "CZE-ch U16 Open 2023"]
[Site "Teplice"]
[Date "2023.03.18"]
[Round "9.3"]
[White "Janous, Marek"]
[Black "Prazak, Daniel"]
[Result "1-0"]
[ECO "A01"]
[WhiteElo "2124"]
[BlackElo "2064"]
[Annotator "TA"]
[PlyCount "79"]
[EventDate "2023.03.09"]
[EventType "swiss"]
[EventCountry "CZE"]
[SourceTitle "playchess.com"]
[Source "ChessBase"]
[SourceQuality "1"]
[TimeControl "40/5400+30:1800+30"]

1. b3 d5 2. Bb2 Bf5 3. e3 e6 4. f4 Nf6 5. Nf3 Nbd7 6. Be2 h6 {[%emt 0:01:34] A03: Bird's Opening with 1...d5.} 7. O-O Bd6 8. Ne5 O-O {[%emt 0:01:21] The position is equal.} 9. d3 c6 10. Qe1 {[%emt 0:11:29] [#]} Bc7 $146 ({Predecessor:} 10... Ne8 11. Nxd7 Qxd7 12. Nd2 Bh7 13. Qg3 f6 14. Bh5 Bb4 15. Nf3 Nd6 16. Nh4 Nf5 17. Nxf5 Bxf5 {0-1 Mustafin,A (2241)-Karpenko,A (2258) Moscow op-A 2016 (1)}) 11. Nd2 Nxe5 12. fxe5 Nd7 13. Nf3 Qb8 14. Ba3 Re8 15. d4 f6 16. Nh4 {[%emt 0:01:59] Rxf5 is the strong threat.} fxe5 17. Bh5 Rd8 $2 (17... Be4 $1 $11 {and Black is okay.}) 18. Nxf5 $18 exf5 19. Rxf5 Bd6 (19... Kh8 {is a better defense.}) 20. Bxd6 Qxd6 21. dxe5 Qe7 22. Bf7+ Kh8 23. Qg3 {[%emt 0:00:24] Threatens to win with Raf1.} Nc5 $2 (23... Nf6 {might work better.} 24. exf6 Qxf7) 24. Qg6 Ne4 25. Rh5 $2 (25. Raf1 $18) 25... Ng5 $11 26. Rf1 Qxe5 27. h4 Qxe3+ 28. Kh2 Ne4 $2 (28... Nh7 $11) 29. Rf3 $1 $18 Qd2 30. Be6 $1 {[%emt 0:02:16] Bf5 would be deadly.} Rf8 31. Bf5 $1 Nf6 {[%emt 0:03:19] [#] Wards off Qh7+} (31... Qxc2 $2 32. Qh7#) 32. Rg3 $1 Rg8 {[%emt 0:00:01] [#]} 33. Rgg5 $1 $40 {[%emt 0:01:21][%mdl 128] Black needs to defend precisely.} Qf4+ $11 (33... Nxh5 $2 34. Qh7#) 34. Kh3 {[%emt 0:00:23][%cal Oh5h6] White threatens Rxh6+! and mate. Really sharp!} Qe3+ (34... Nxh5 $2 35. Qh7#) 35. g3 {[%emt 0:00:24][%cal Oh5h6] Intending Rxh6+! and mate.} (35. Kh2 {is interesting.} Qe7 36. Bd3 Raf8 37. Rf5) 35... Qe7 {[%emt 0:00:21] White must now prevent ...Rgf8.} (35... Nxh5 $2 36. Qh7#) 36. Rxh6+ {[%emt 0:03:04][%mdl 64] Demolition} gxh6 37. Qxh6+ Nh7 38. Bxh7 $1 Rxg5 (38... Qxh7 $11 39. Qf6+ Rg7) 39. Bf5+ Kg8 40. Be6+ {[%emt 0:00:01] Excellently played by Janous!   Weighted Error Value: White=0.35/Black=0.59} ({Worse is} 40. Qxg5+ Qxg5 41. hxg5 Kg7 $17) 1-0